 Dungeon Crawl Stone Soup version 0.19.5 (webtiles) character file.

65 Forgotmypassicot the Insei (level 4, 0/32 HPs)
             Began as a Merfolk Transmuter on Apr 28, 2017.
             Was an Initiate of Dithmenos.
             Slain by a worm (10 damage)
             ... on level 3 of the Dungeon.
             The game lasted 00:18:28 (1424 turns).

Forgotmypassicot the Insei (Merfolk Transmuter)     Turns: 1424, Time: 00:18:29

Health: 0/32       AC:  2    Str: 10    XL:     4   Next: 13%
Magic:  6/7        EV: 14    Int: 12    God:    Dithmenos [......]
Gold:   106        SH:  0    Dex: 15    Spells: 2 memorised, 4 levels left

rFire  . . .     SeeInvis .     h - +0 spear
rCold  + . .     Gourm    .     b - +0 robe
rNeg   . . .     Faith    .     (no shield)
rPois  .         Spirit   .     (no helmet)
rElec  .         Reflect  .     (no cloak)
rCorr  .         Harm     .     (no gloves)
MR     .....                    (no boots)
Stlth  +.........               (no amulet)
                                (no ring)
                                e - ring of protection from cold

@: appendage
A: change form in water, swift swim, stealthy swim, horns 2
a: End Transformation, Renounce Religion


You were on level 3 of the Dungeon.
You worshipped Dithmenos.
Dithmenos was noncommittal.
You were not hungry.
You had grown temporary horns.
You visited 1 branch of the dungeon, and saw 3 of its levels.

You collected 106 gold pieces.

Inventory:

Hand Weapons
 f - a +0 short sword
 h - a +0 spear (weapon)
Missiles
 a - 39 arrows
Armour
 b - a +0 robe (worn)
Jewellery
 e - a ring of protection from cold (left hand)
Scrolls
 m - 2 scrolls of remove curse {unknown}
 n - a scroll of blinking {unknown}
Potions
 j - a potion of flight
 o - 2 potions of brilliance
 p - a potion of magic
 q - a potion of lignification {unknown}
Books
 c - a book of Changes

   Spells                             Type                      Level
   a - Beastly Appendage              Transmutation                1
   b - Sticks to Snakes               Transmutation                2
   c - Spider Form                    Transmutation/Poison         3
   d - Ice Form                       Ice/Transmutation            4
   e - Blade Hands                    Transmutation                5
Comestibles
 d - 3 bread rations
 g - a meat ration
 i - a slice of pizza
 l - 2 beef jerkies


   Skills:
 + Level 1.2 Fighting
 - Level 0.8 Short Blades
 + Level 3.4 Dodging
 + Level 0.2 Stealth
 + Level 4.0 Unarmed Combat
 + Level 2.4 Spellcasting
 + Level 3.4 Transmutations


You had 4 spell levels left.
You knew the following spells:

 Your Spells              Type           Power        Failure   Level  Hunger
a - Beastly Appendage     Tmut           #.....       8%          1    ##.....
b - Sticks to Snakes      Tmut           #.......     12%         2    ###....


Dungeon Overview and Level Annotations

Branches:
Dungeon (3/15)

Altars:
Dithmenos
Elyvilon
Gozag


Innate Abilities, Weirdness & Mutations

You revert to your normal form in water.
You are very nimble and swift while swimming.
You are very stealthy in the water. (Stealth+)
You have a pair of horns on your head.


Message History

There is a stone staircase leading up here.
A worm comes into view.
Casting: Beastly Appendage
Confirm with . or Enter, or press ? or * to list all spells.
You grow a pair of large bovine horns.
A rat comes into view.
You hit the worm but do no damage. You hit the worm but do no damage.
You headbutt the worm.
The worm is moderately wounded.
The rat bites you but does no damage. The worm bites you!
You hit the worm but do no damage. You headbutt the worm.
The worm is heavily wounded.
The rat barely misses you. The worm bites you!
You hit the worm.
The worm is severely wounded.
The rat misses you.
You hit the worm.
The worm is severely wounded.
The rat misses you. The worm bites you!
You die...

#.. #.# #.#
#.####### #.#
#.......###.####
#.###.#.<......#
#...######.#
##### ###.#
#..@# #.#wr.#
#...#....
#..###...##
#...#..#..#
#.....## ..
##.#. # . #. ..


You could see a worm and a rat.

Vanquished Creatures
  A gnoll (D:1)
  An adder (D:2)
  3 dart slugs
  A giant cockroach (D:1)
  3 goblins (D:1)
  5 hobgoblins
  6 jackals
  5 bats
  A frilled lizard (D:2)
  5 kobolds
  5 rats
36 creatures vanquished.

Vanquished Creatures (collateral kills)
  A worm (D:2)
1 creature vanquished.

Grand Total: 37 creatures vanquished

Notes
Turn   | Place    | Note
-------+----------+-------------------------------------------
     0 | D:1      | Forgotmypassicot the Merfolk Transmuter began the quest for the Orb.
     0 | D:1      | Reached XP level 1. HP: 15/15 MP: 3/3
     1 | D:1      | Noticed an electric eel
    38 | D:1      | Reached XP level 2. HP: 18/21 MP: 3/5
    43 | D:1      | Learned a level 2 spell: Sticks to Snakes
   260 | D:1      | Reached XP level 3. HP: 23/26 MP: 4/6
   369 | D:1      | Reached skill level 4 in Unarmed Combat
   885 | D:2      | Reached XP level 4. HP: 31/32 MP: 4/7
  1028 | D:2      | Found an opulent altar of Gozag.
  1028 | D:2      | Found a white marble altar of Elyvilon.
  1028 | D:2      | Found a shadowy altar of Dithmenos.
  1062 | D:2      | Became a worshipper of Dithmenos the Shadowed
  1424 | D:3      | Slain by a worm

Skill      XL: |  1  2  3 |
---------------+----------+-----
Transmutations | 3 |  3.4
Dodging        | 3 |  3.4
Unarmed Combat | 4 |  4.0
Fighting       | |  1.2
Short Blades   | |  0.8
Stealth        | |  0.2
Spellcasting   | |  2.4

Action                   |  1- 3 |  4- 6 || total
-------------------------+-------+-------++-------
Melee: Unarmed           |     7 |       ||     7
       Spear             |    88 |    22 ||   110
       Short sword       |     7 |       ||     7
       Headbutt          |    15 |     6 ||    21
       Punch             |     3 |       ||     3
 Cast: Beastly Appendage |    13 |     6 ||    19
       Sticks to Snakes  |     2 |       ||     2
  Use: Scroll            |     6 |     1 ||     7
       Potion            |       |     1 ||     1
  Eat: Chunk             |       |     2 ||     2
Armor: Robe              |    12 |     3 ||    15
Dodge: Dodged            |    66 |    11 ||    77
